AoeStats
← Mateescu122121

Arabia

509080382Analyzed
4v4 RM · 7d ago on Sep 25, 2026· 50m 45s· 8 players
Game mode
Random Map
Map size
Large (8 player)
Population
200
Speed
Normal
Resources
Standard
Victory
Conquest
Starting age
Dark Age
Ending age
Imperial Age
RankedLock teamsTeams togetherTeam positionsShared explorationLock speedFull tech treeHidden civsTurbo modeCheats
Victory
Defeat
🇦🇹 Danes · Austria
1010
+17
🇦🇹 Saxons · Austria
1009
+17
🇨🇳 Mongols · China
965
+19
🇩🇪 Magyars · Germany
961
+45
🇺🇸 Inca · United States
1070
-20
🇨🇳 Armenians · China
1048
-19
🇻🇳 Vietnamese · Vietnam
1003
-17
988
-16
Mateescu122121
6:31 Loom
9:10 Feudal Age
12:04 Double-Bit Axe
14:25 Horse Collar
14:44 Fletching
20:52 Castle Age
19:33 Padded Archer Armor
20:53 Crossbowman
21:33 Bodkin Arrow
21:48 Thumb Ring
26:51 Wheelbarrow
26:37 Bow Saw
28:23 Ballistics
30:31 Hand Cart
33:53 Heavy Plow
34:39 Gold Mining
34:44 Stone Mining
35:29 Leather Archer Armor
38:35 Imperial Age
37:16 Scale Mail Armor
38:17 Gambesons
38:34 Squires
38:19 Arson
38:51 Chain Mail Armor
39:18 Gold Shaft Mining
38:43 Town Watch
38:23 Clerical Recruitment
40:03 Plate Mail Armor
39:44 Forging
39:35 Bracer
40:04 Cranequins
40:27 Elite Varangian Guard
41:00 Shield Wall
42:04 Conscription
41:52 Arrowslits
42:49 Iron Casting
45:10 Hoardings
50:23 Elite Hearth Troop
Fresh Dumbledore
9:19 Feudal Age
10:21 Double-Bit Axe
13:42 Loom
17:24 Gold Mining
17:29 Horse Collar
20:31 Castle Age
21:18 Bloodlines
22:20 Scale Barding Armor
23:39 Bow Saw
24:23 Bloodlines
25:35 Gold Shaft Mining
25:21 Husbandry
25:36 Heavy Plow
26:29 Chain Barding Armor
41:18 Wheelbarrow
40:34 Town Watch
44:11 Stone Mining
48:12 Corvinian Army
51:02 Imperial Age
雷欧
9:37 Feudal Age
13:59 Castle Age
12:26 Double-Bit Axe
12:24 Horse Collar
15:54 Bow Saw
19:12 Wheelbarrow
20:06 Heavy Plow
23:56 Hand Cart
23:56 Gold Mining
28:40 Imperial Age
26:08 Stone Mining
26:54 Gold Shaft Mining
26:08 Loom
27:36 Fletching
27:41 Town Watch
28:22 Bodkin Arrow
28:28 Padded Archer Armor
30:17 Conscription
30:02 Elite Mangudai
31:29 Stone Shaft Mining
32:44 Bracer
32:59 Leather Archer Armor
33:28 Bloodlines
33:18 Husbandry
32:49 Elite Steppe Lancer
33:34 Town Patrol
34:15 Ballistics
34:56 Chemistry
34:06 Masonry
34:32 Scale Barding Armor
35:32 Chain Barding Armor
35:47 Drill
35:32 Nomads
36:09 Hoardings
35:43 Siege Engineers
36:47 Forging
37:00 Sappers
37:27 Guard Tower
40:49 Light Cavalry
44:39 Capped Ram
46:15 Siege Ram
xburnmanager
11:09 Feudal Age
11:40 Double-Bit Axe
13:42 Horse Collar
17:43 Castle Age
20:29 Forging
20:20 Scale Mail Armor
20:51 Bow Saw
22:30 Heavy Plow
23:28 Arson
24:35 Gold Mining
24:51 Stone Mining
27:22 Iron Casting
27:05 Chain Mail Armor
26:43 Gambesons
32:51 Squires
36:18 Imperial Age
36:01 Caravan
38:00 Blast Furnace
37:30 Plate Mail Armor
37:06 Scale Barding Armor
38:11 Husbandry
38:21 Bloodlines
38:58 Hamask
41:38 Stone Shaft Mining
41:56 Gold Shaft Mining
42:29 Chain Barding Armor
43:18 Elite Jomsviking
43:21 Northmen's Fury
让我和Mika一边
11:36 Feudal Age
17:33 Castle Age
15:58 Double-Bit Axe
16:59 Horse Collar
26:24 Scale Barding Armor
26:36 Bloodlines
26:27 Husbandry
28:39 Scale Mail Armor
29:01 Chain Barding Armor
35:45 Imperial Age
34:58 Forging
36:19 Grand Trunk Road
36:38 Heavy Camel Rider
38:45 Heavy Plow
38:58 Bow Saw
41:43 Plate Barding Armor
42:25 Wheelbarrow
43:32 Iron Casting
43:51 Imperial Camel Rider
bvinh6112
7:20 Loom
9:05 Feudal Age
10:41 Double-Bit Axe
18:02 Castle Age
16:26 Horse Collar
16:30 Champi Runner
18:29 Scale Mail Armor
18:39 Forging
22:10 Champi Warrior
23:31 Pikeman
28:10 Chain Mail Armor
28:30 Iron Casting
28:11 Chain Mail Armor
28:31 Iron Casting
29:48 Heavy Plow
29:58 Bow Saw
30:18 Fletching
34:44 Imperial Age
33:59 Wheelbarrow
33:45 Bodkin Arrow
36:30 Town Watch
36:37 Halberdier
39:14 Hand Cart
39:27 Squires
40:00 Plate Mail Armor
42:55 Blast Furnace
QUANTW7175
0:33 Loom
11:12 Feudal Age
12:30 Wheelbarrow
11:42 Town Watch
16:58 Horse Collar
17:15 Double-Bit Axe
20:12 Padded Archer Armor
24:50 Fletching
30:47 Castle Age
30:53 Crossbowman
31:40 Thumb Ring
31:43 Heavy Plow
32:08 Leather Archer Armor
33:18 Bodkin Arrow
33:34 Gold Mining
35:05 Ballistics
34:56 Masonry
34:28 Treadmill Crane
36:13 Hand Cart
36:13 Elite Skirmisher
37:35 Bow Saw
40:26 Town Patrol
40:56 Sanctity
42:00 Stone Mining
45:15 Imperial Age
45:26 Imperial Skirmisher
48:02 Ring Archer Armor
47:33 Bracer
48:56 Chemistry
48:02 Siege Engineers
Mika_168
6:29 Loom
9:34 Feudal Age
10:41 Double-Bit Axe
12:32 Pikeman
12:36 Man-at-Arms
14:04 Long Swordsman
21:31 Wheelbarrow
24:02 Castle Age
24:07 Scale Mail Armor
27:06 Devotion
30:36 Two-Handed Swordsman
31:02 Gambesons
33:24 Champion
36:43 Chain Mail Armor
44:21 Forging
Connection lost

Rejoining the realm…

Still unreachable

The connection could not be restored.

Session expired

The server has moved on; the page needs a fresh start.